 Dungeon Crawl Stone Soup version 0.30-a0-451-ge042605de7 (webtiles) character file.

Game seed: 17063956613042534819

5571 cforsyth the Cleaver (level 10, -6/90 (91) HPs)
             Began as a Minotaur Berserker on Dec 11, 2022.
             Was an Elder of Trog.
             Killed from afar by an electric eel (11 damage)
             ... with a bolt of electricity
             ... on level 8 of the Dungeon.
             The game lasted 00:14:59 (7449 turns).

cforsyth the Cleaver (Minotaur Berserker)           Turns: 7449, Time: 00:14:59

HP:   -6/90 (91)    AC: 16    Str: 26    XL:     10   Next: 44%
MP:   9/9           EV: 17    Int:  4    God:    Trog [****..]
Gold: 420           SH:  0    Dex: 21    Spells: 9/9 levels left

rFire   . . .      SeeInvis .    w - +0 battleaxe
rCold   . . .      Faith    .    (shield currently unavailable)
rNeg    . . .      Spirit   .    q - +1 ring mail of Nemelex Xobeh {Dex+5}
rPois   .          Reflect  .    (helmet restricted)
rElec   .          Harm     .    s - +0 cloak
rCorr   .          Rampage  .    y - +0 pair of gloves
Will    ++...                    D - +0 pair of boots
Stlth   +.........               (no amulet)
HPRegen 1.35/turn                t - +4 ring of protection
MPRegen 0.11/turn                G - +6 ring of dexterity

@: strong-willed, regenerating, lightly drained
A: horns 2, retaliatory headbutt
a: Renounce Religion, Berserk, Trog's Hand, Brothers in Arms


You were on level 8 of the Dungeon.
You worshipped Trog.
Trog was greatly pleased with you.
You visited 1 branch of the dungeon, and saw 8 of its levels.
You also visited: Ossuary and Bailey.

You collected 420 gold pieces.

Inventory:

Hand Weapons
 a - a +0 hand axe
 r - a +1 hand axe of electrocution
 w - a +0 battleaxe (weapon)
Armour
 b - a +0 animal skin
 q - the +1 ring mail of Nemelex Xobeh (worn) {Dex+5}
   (You found it on level 2 of the Dungeon)

   Dex:       It affects your dexterity (+5).
 s - a +0 cloak (worn)
 y - a +0 pair of gloves (worn)
 D - a +0 pair of boots (worn)
Jewellery
 t - a +4 ring of protection (left hand)
 G - a +6 ring of dexterity (right hand)
 H - a ring of magical power
Wands
 n - a wand of light (11)
 v - a wand of paralysis (4)
Scrolls
 d - 2 scrolls of immolation
 f - a scroll of vulnerability
 i - 2 scrolls of teleportation
 l - a scroll of torment
 u - a scroll of silence {unknown}
 x - 2 scrolls of enchant armour {unknown}
 C - a scroll of blinking {unknown}
Potions
 c - 5 potions of heal wounds
 e - 4 potions of might
 g - 5 potions of haste
 h - 4 potions of mutation
 j - a potion of resistance {unknown}
 k - 4 potions of invisibility
 m - 3 potions of cancellation
 o - a potion of berserk rage
 p - a potion of flight
 z - 2 potions of curing
 A - 2 potions of ambrosia
 B - a potion of lignification
 E - 2 potions of attraction {unknown}
 F - 2 potions of magic {unknown}


   Skills:
 + Level 9.6 Fighting
 + Level 9.7 Axes
 + Level 9.3 Armour
 + Level 8.4 Dodging
 + Level 4.3 Evocations


You had 9 spell levels left.
You didn't know any spells.
Your spell library was empty.

Dungeon Overview and Level Annotations

Branches:
Dungeon (8/15)             Temple (0/1) D:6            Lair (0/5) D:8
Ossuary (visited)          Bailey (visited)

Altars:
Dithmenos
Gozag
Qazlal
Ru
Sif Muna
Trog
Uskayaw
Xom

Shops:
D:3 *

Annotations:
D:7 1 runed translucent door, VibeKiller's ghost, novice SpEn


Innate Abilities, Weirdness & Mutations

You have a pair of horns on your head.
You reflexively headbutt those who attack you in melee.


Message History

The electric eel shoots out a bolt of lightning at you!
The bolt of electricity hits you.
* * * LOW HITPOINT WARNING * * *
The bolt of electricity hits you!
* * * LOW HITPOINT WARNING * * *
The bolt of electricity hits the electric eel.
The electric eel completely resists.
The electric eel shoots out a bolt of lightning at you!
The bolt of electricity hits the plant!
The bolt of electricity hits you!
* * * LOW HITPOINT WARNING * * *
The electric eel shoots out a bolt of lightning at you!
The bolt of electricity hits the plant!
The bolt of electricity misses you.
Unknown command.
Unknown command.
Okay, then.
Unknown command.
A nearby plant withers and dies. x2
The orc wizard casts a spell.
The orc wizard flickers and vanishes!
Deactivating autopickup; reactivate with Ctrl-A.
Unknown command.
Unknown command.
You closely miss the orc wizard.
You headbutt the orc wizard, but do no damage.
The orc wizard hits you but does no damage.
Unknown command.
Unknown command.
Your skin crawls.
You feel strong-willed. The orc wizard casts a spell at you.
The puff of flame misses you.
An electric eel comes into view.
You hit the orc wizard. You headbutt the orc wizard!
The orc wizard is almost dead.
The orc wizard casts a spell at you. The magic dart hits you.
* * * LOW HITPOINT WARNING * * *
The electric eel shoots out a bolt of lightning at you!
The bolt of electricity hits you!
You die...

,,,,,,,,*,,P♣~~~~~~≈≈≈~~~~~~~~~~~
,,,,,,,,,,*~P~~~~~P≈≈≈≈~~~~~~~~~~
,<,**,,,,,**~♣{~~~S≈≈≈~≈~~~~~~~~~
****,,******~~~♣~P~≈≈~≈≈~~~~~~~~~
*,,,** *~~S~P~♣≈≈≈≈≈~~~~~~~*~
***,,**##♣♣S~~~P~~≈≈≈~~~~~~~~*
**,,##...S~♣~♣~~~~≈~~~~~~~~~
####*..##.....♣♣~~P~~P~~~~~~~*~~
##..##..#...#.#o@♣P~♣♣♣**~~~~~~*~
.#..........##.......~♣*~**~*****
..................[.....,,,,,****
......##................,,,,,,,,,
.....########.....####..,,,,,,,**
......#.###.........##,.,,*,,,,,*
.[..#....#...........#,,,,,,,,***
......(...........P...,,,,,*,,**
...#:..........>......,,,,,*,,,*


You could see an electric eel and an orc wizard.

Vanquished Creatures
  Pikel (D:7)
  An orc knight (Bailey)
  An unseen horror zombie (D:8)
  A hornet (D:7)
  Grinder (D:4)
  Sigmund (D:5)
  A wraith (D:8)
  3 steam dragons
  Menkaure (D:5)
  3 wargs (D:8)
  Edmund (D:5)
  A water moccasin (D:6)
  A black bear (D:4)
  An orc warrior (D:7)
  2 ice beasts (D:7)
  An ogre (D:6)
  A centaur (D:5)
  2 kobold brigands
  2 lemures
  A bullfrog (D:8)
  3 necrophages
  A scorpion (D:5)
  12 wights
  2 electric eels (D:8)
  2 howler monkeys (D:7)
  4 hounds
  2 orc priests
  2 centaur zombies (D:8)
  4 jellies
  2 iguanas (D:5)
  5 orc wizards
  A mummy (Ossuary)
  3 adders
  10 gnolls (Bailey)
  A shadow imp (D:6)
  A white imp (D:7)
  2 ufetubi
  2 dart slugs
  36 orcs
  2 spectral bats (Ossuary)
  10 endoplasms
  3 giant cockroaches
  12 gnoll zombies (Ossuary)
  9 goblins
  8 hobgoblins
  3 jackals (D:4)
  3 quokkas
  7 ball pythons
  6 bats
  A bat simulacrum (Ossuary)
  2 frilled lizards
  A goblin simulacrum (Ossuary)
  3 goblin zombies (Ossuary)
  6 hobgoblin zombies (Ossuary)
  15 kobolds
  5 kobold simulacra (Ossuary)
  7 kobold zombies (Ossuary)
  2 orc zombies (Ossuary)
  A rat (D:3)
  A rat simulacrum (Ossuary)
  3 spectral goblins (Ossuary)
  5 spectral kobolds (Ossuary)
237 creatures vanquished.

Vanquished Creatures (others)
  An orc (D:8)
  9 fungi (D:7)
  34 plants
44 creatures vanquished.

Grand Total: 281 creatures vanquished

Notes
Turn   | Place    | Note
-------+----------+-------------------------------------------
     0 | D:1      | cforsyth the Minotaur Berserker began the quest for the
                  | Orb.
     0 | D:1      | Reached XP level 1. HP: 19/19 MP: 0/0
   122 | D:1      | Reached XP level 2. HP: 26/27 MP: 1/1
   784 | D:2      | Reached XP level 3. HP: 33/33 MP: 2/2
   788 | D:2      | Found a faded altar of an unknown god.
   792 | D:2      | Reached ** piety under Trog
   943 | D:2      | Identified the +1 ring mail of Nemelex Xobeh {Dex+5}
  1335 | D:3      | Noticed a +0 dagger
  1335 | D:3      | Noticed a +0 dagger
  1335 | D:3      | Found a hide-covered altar of Uskayaw.
  1379 | D:3      | Found Anexiy's Assorted Antiques.
  2138 | D:3      | Reached XP level 4. HP: 38/40 MP: 3/3
  2330 | D:4      | Noticed Grinder
  2337 | D:4      | Killed Grinder
  2338 | D:4      | Reached skill level 5 in Fighting
  2338 | D:4      | Reached skill level 5 in Axes
  2338 | D:4      | Reached XP level 5. HP: 48/48 MP: 4/4
  2338 | D:4      | Reached XP level 6. HP: 56/56 MP: 5/5
  2345 | D:4      | Noticed a fire elemental
  2349 | D:4      | Found a stormy altar of Qazlal.
  2352 | D:4      | Noticed an air elemental
  2357 | D:4      | Noticed a water elemental
  2390 | D:4      | Found a sand-covered staircase.
  2630 | Ossuary  | Entered an ossuary
  2686 | Ossuary  | Reached *** piety under Trog
  3035 | D:4      | Reached skill level 5 in Armour
  3035 | D:4      | Reached XP level 7. HP: 61/62 MP: 6/6
  3099 | D:4      | Reached **** piety under Trog
  3220 | D:5      | Entered Level 5 of the Dungeon
  3355 | D:5      | Noticed Edmund
  3356 | D:5      | Noticed a steam dragon
  3366 | D:5      | Killed Edmund
  3367 | D:5      | Reached skill level 5 in Dodging
  3367 | D:5      | Killed a steam dragon
  3469 | D:5      | Reached XP level 8. HP: 63/71 MP: 7/7
  3509 | D:5      | Noticed Menkaure
  3513 | D:5      | Killed Menkaure
  3593 | D:5      | Noticed Sigmund
  3601 | D:5      | Killed Sigmund
  4162 | D:6      | Found a bloodstained altar of Trog.
  4298 | D:6      | Found an opulent altar of Gozag.
  4374 | D:6      | Found a sacrificial altar of Ru.
  4462 | D:6      | Found a shadowy altar of Dithmenos.
  4505 | D:6      | Reached skill level 1 in Evocations
  4555 | D:6      | Found a staircase to the Ecumenical Temple.
  4754 | D:7      | Found a shimmering blue altar of Sif Muna.
  4900 | D:7      | Reached XP level 9. HP: 78/81 MP: 8/8
  5282 | D:7      | Found a runed translucent door.
  5282 | D:7      | Found a shimmering altar of Xom.
  5282 | D:7      | Noticed a +0 short sword of chaos
  5282 | D:7      | Noticed VibeKiller's ghost (novice SpEn)
  5860 | D:8      | Noticed Pikel
  5880 | D:7      | Killed Pikel
  5881 | D:7      | Reached XP level 10. HP: 52/91 MP: 9/9
  6387 | D:8      | Found a flagged portal.
  6398 | Bailey   | Entered a bailey
  6820 | Bailey   | Noticed an orc knight
  6836 | Bailey   | Killed an orc knight
  7109 | D:8      | Found a staircase to the Lair.
  7239 | D:8      | Identified the +1 robe of Kikubaaqudgha's Whim {Regen+}
  7444 | D:8      | HP: 2/90 [electric eel/bolt of electricity (9)]
  7449 | D:8      | Killed from afar by an electric eel

Illustrated notes

Levels and vault maps discovered:
D:1:      saegor_arrival_simple_c, layout_rooms
D:2:      layout_basic, serial_glass, glass_columns_c, glass_columns_a,
          shapermc_ecumenical_altar_acropolis
D:3:      layout_basic, dancing_weapons_uskayaw, serial_shops,
          nicolae_diamond_shop, grunt_decor_fettered
D:4:      layout_rooms, nicolae_qazlal_style_of_elements, enter_ossuary_1,
          uniq_grinder
D:5:      layout_loops_ring, uniq_menkaure, uniq_edmund, uniq_sigmund
D:6:      layout_rooms, mainiacjoe_overflow_paths, mainiacjoe_overflow_catwalk,
          lemuel_crystal_altar, nicolae_dithmenos_shadow_blocks,
          temple_fountains, eino_tiny_chamber
D:7:      kennysheep_steamy, layout_gridville, mainiacjoe_overflow_brackets,
          ebering_ghost_xom, grunt_ministairs_2
D:8:      layout_cave_pools, nicolae_hepliaklqana_hippocampus,
          nicolae_yredelemnul_corpse_copse, erik_lair_orcish_takeover,
          enter_bailey_3, serial_bayou, serial_bayou_lagoon_a,
          serial_bayou_shore_b, serial_bayou_crossing, serial_bayou_lake_a,
          uniq_pikel

Skill      XL: |  1  2  3  4  5  6  7  8  9 10 |
---------------+-------------------------------+-----
Axes           | 4 5 6 7 9 |  9.7
Fighting       | 4 5 6 7 9 |  9.6
Armour         | 3 4 5 6 7 8 9 |  9.3
Dodging        | 3 4 5 6 7 8 |  8.4
Evocations     | 1 3 4 |  4.3

Action                   |  1- 3 |  4- 6 |  7- 9 | 10-12 || total
-------------------------+-------+-------+-------+-------++-------
Melee: Hand axe          |   100 |   105 |    72 |       ||   277
       Headbutt          |    10 |    21 |    37 |    20 ||    88
       Punch             |     1 |     1 |     3 |       ||     5
       Battleaxe         |       |       |    86 |   101 ||   187
Invok: Trog's Hand       |       |     2 |     3 |     2 ||     7
       Berserk           |       |       |     4 |     2 ||     6
  Use: Scroll            |       |       |    22 |       ||    22
 Stab: Sleeping          |       |       |       |     4 ||     4
Armor: Animal skin       |    19 |       |       |       ||    19
       Ring mail         |     6 |    41 |    76 |    42 ||   165
Dodge: Dodged            |    57 |    30 |   148 |   123 ||   358

Table legend: (Time is in decaauts)
 A = Elapsed time spent in this place.
 B = Non-inter-level travel time spent in this place.
 C = Inter-level travel time spent in this place.
 D = Time resting spent in this place.
 E = Time spent auto-exploring this place.
 F = Levels seen in this place.
 G = Mean time per level.
                   A        B        C        D        E       F      G
               +--------+--------+--------+--------+--------+-----+--------+
         Total |   7586 |   7260 |    326 |    911 |   4886 |  10 |  758.6 |
       Dungeon |   6584 |   6258 |    326 |    702 |   4379 |   8 |  823.0 |
       Ossuary |    361 |    361 |      0 |      0 |    179 |   1 |  361.0 |
        Bailey |    639 |    639 |      0 |    209 |    328 |   1 |  639.0 |
               +--------+--------+--------+--------+--------+-----+--------+

Top non-repeatable levels by time:
     D:7: 1714 daAuts
     D:2: 948 daAuts
     D:5: 917 daAuts
     D:3: 832 daAuts
  Bailey: 639 daAuts
     D:8: 589 daAuts
     D:1: 554 daAuts
     D:4: 548 daAuts
     D:6: 481 daAuts
 Ossuary: 361 daAuts
